 Dungeon Crawl Stone Soup version 0.23.0 (webtiles) character file.

Game seed: 3273788534350086404

145291 KeiraKnightley the Markscentaur (level 16, 0/149 HPs)
             Began as a Centaur Berserker on Feb 8, 2019.
             Was the Champion of Trog.
             Slain by a two-headed ogre
             ... wielding a +5 great mace
              (12 damage)
             ... on level 1 of the Orcish Mines on Feb 9, 2019.
             The game lasted 03:26:50 (43713 turns).

KeiraKnightley the Markscentaur (CeBe)             Turns: 43713, Time: 03:26:51

Health: 0/149      AC: 19    Str: 39    XL:     16   Next: 87%
Magic:  28/28      EV: 10    Int:  7    God:    Trog [******]
Gold:   1221       SH:  0    Dex: 10    Spells: 15/15 levels left

rFire    + . .     SeeInvis .   r - +2 battleaxe (elec)
rCold    . . .     Gourm    .   (shield currently unavailable)
rNeg     + . .     Faith    +   V - +4 ring mail of Daukept {rN+ Str+3 Int+4}
rPois    .         Spirit   .   X - +2 hat
rElec    .         Reflect  .   (no cloak)
rCorr    .         Harm     .   N - +0 pair of gloves {archery}
MR       +++++                  Q - +1 centaur barding
Stlth    ..........             R - amulet of faith
HPRegen  1.34/turn              t - ring of Obsession {rF+ MP+9 Str+4}
MPRegen  0.21/turn              T - ring of the Jolly Continents {MR++ EV+2 Str+6 Int-3}

@: regenerating, very quick
A: large, hooves 3, deformed body, speed 2, tough skin 3
a: Berserk, Trog's Hand, Brothers in Arms, Renounce Religion


You were on level 1 of the Orcish Mines.
You worshipped Trog.
Trog was exalted by your worship.
You were not hungry.

You visited 4 branches of the dungeon, and saw 24 of its levels.
You also visited: Sewer, Ossuary, Gauntlet and Ice Cave.

You collected 2993 gold pieces.
You spent 1772 gold pieces at shops.

Inventory:

Hand Weapons
 a - a +6 longbow of freezing
 e - a +0 broad axe
 l - the +0 falchion of Plog {freeze, *Rage +Blink rF++}
   (You found it on level 6 of the Lair of Beasts)

   It has been specially enchanted to freeze those struck by it, causing extra
   injury to most foes and up to half again as much damage against particularly
   susceptible opponents.
   It can also slow down cold-blooded creatures.
   It greatly protects you from fire.
   It lets you blink.
   It may make you go berserk in combat.
 q - a +4 scimitar of flaming
 r - a +2 battleaxe of electrocution (weapon)
 v - a +1 war axe of electrocution
Missiles
 f - 2 throwing nets (quivered)
 C - 662 arrows
Armour
 w - a +4 plate armour of cold resistance
 H - a +2 chain mail of poison resistance
 N - a +0 pair of gloves of archery (worn)
 Q - a +1 centaur barding (worn)
 V - the +4 ring mail of Daukept (worn) {rN+ Str+3 Int+4}
   (You bought it in a shop on level 2 of the Orcish Mines)

   It affects your strength (+3).
   It affects your intelligence (+4).
   It protects you from negative energy.
 X - a +2 hat (worn)
Jewellery
 d - an uncursed ring of flight
 n - an uncursed ring of protection from cold
 t - the ring of Obsession (left hand) {rF+ MP+9 Str+4}
   (You found it in a Gauntlet)

   [ring of protection from fire]

   It affects your strength (+4).
   It protects you from fire.
   It affects your magic capacity (+9).
 y - an uncursed ring of positive energy
 R - an amulet of faith (around neck)
 T - the ring of the Jolly Continents (right hand) {MR++ EV+2 Str+6 Int-3}
   (You found it in an ice cave)

   [ring of evasion]

   It affects your evasion (+2).
   It affects your strength (+6).
   It affects your intelligence (-3).
   It affects your resistance to hostile enchantments.
 W - an uncursed ring of protection from magic
Wands
 h - a wand of acid (11)
 s - a wand of iceblast (7)
 u - a wand of digging (10)
 A - a wand of enslavement (16)
 D - a wand of flame (18)
Scrolls
 b - 5 scrolls of blinking
 g - 12 scrolls of teleportation
 j - 7 scrolls of holy word
 m - a scroll of torment
 B - 2 scrolls of fog
 J - 4 scrolls of magic mapping
 K - 4 scrolls of remove curse
 L - 5 scrolls of fear
 M - a scroll of silence
 S - a scroll of vulnerability
 U - 2 scrolls of immolation
 Y - 2 scrolls of summoning
Potions
 i - 7 potions of lignification
 o - 2 potions of invisibility
 x - 3 potions of curing
 z - a potion of might
 E - 4 potions of resistance
 F - 7 potions of heal wounds
 G - 6 potions of haste
 O - 3 potions of flight
 P - 2 potions of ambrosia
Miscellaneous
 Z - a phial of floods
Comestibles
 c - 29 rations


   Skills:
 + Level 15.4 Fighting
 + Level 14.4 Axes
 - Level 20.5 Bows
 - Level 5.0 Armour
 + Level 3.6 Dodging
 - Level 5.0 Evocations


You had 15 spell levels left.
You didn't know any spells.
Your spell library was empty.

Dungeon Overview and Level Annotations

Branches:
Dungeon (15/15)            Temple (1/1) D:6            Lair (6/6) D:8
 Shoals (0/4) Lair:2        Snake (0/4) Lair:2        Slime (0/5) Lair:5
    Orc (2/2) D:12            Elf (0/3) Orc:2        Vaults (0/5) D:13
 Depths (0/5) D:15

Altars:
Ashenzari
Cheibriados
Dithmenos
Elyvilon
Fedhas
Gozag
Hepliaklqana
Kikubaaqudgha
Makhleb
Nemelex Xobeh
Okawaru
Qazlal
Ru
Sif Muna
Trog
Uskayaw
Vehumet
Wu Jian
Xom
Yredelemnul
Zin
The Shining One
Beogh

Shops:
D:5 ?!(*   D:11 :   D:13 *   Orc:2 !([*

Annotations:
Lair:3 3 runed translucent doors, PeterQ's ghost, journeyman DsGl
Orc:1 1 transporter, Stone's ghost, adept FoFi


Innate Abilities, Weirdness & Mutations

You have hooves in place of feet.
Armour fits poorly on your strangely shaped body.
You cover ground very quickly.
You have extremely tough skin. (AC +3)


Message History

You kill the two-headed ogre!
Trog accepts your kill.
You slice Stone's ghost!!
You hit the two-headed ogre but do no damage.
Lightning courses through the two-headed ogre!
The two-headed ogre hits you with a +5 great mace!!
* * * LOW HITPOINT WARNING * * *
The two-headed ogre misses you. Stone's ghost hits you!
* * * LOW HITPOINT WARNING * * *
The two-headed ogre hits you but does no damage.
The two-headed ogre hits you with the +5 dire flail "Cyishiso" {speed, rPois rF- Dex+5}!!
* * * LOW HITPOINT WARNING * * *
There is a transporter landing site, spattered with blood here.
Items here: )))) † a +0 giant spiked club; a +0 giant club; a +0 giant spiked club x2 a two-headed ogre corpse Stone's ghost says, "You can run, but you can't hide!"
The two-headed ogre hits you but does no damage.
The two-headed ogre hits you with the +5 dire flail "Cyishiso" {speed, rPois rF- Dex+5}!
You die...

#############
#....@©W)...#
#.#..#O#..#.#
#..##.O.##..#
#..##...##..#
###.#..#.#..#.# #
##.#©...?[[$...## ##
#..##############
.##
####......©.©.....#
..##
##......###.......##


You could see a two-headed ogre, an ogre and Stone's ghost.

Vanquished Creatures
  Rupert (D:15)
  Gastronok (Lair:1)
  Louise (D:14)
  An orc warlord (Orc:2)
  A minotaur (Gauntlet)
  Josephine (D:13)
  A fire dragon (D:15)
  A death ooze (Gauntlet)
  3 ice dragons
  4 vault guards
  Harold (D:9)
  8 hydras
  A hell beast (Gauntlet)
  A catoblepas (Lair:5)
  7 two-headed ogres
  5 death yaks
  Nergalle (Orc:1)
  4 orc high priests (Orc:2)
  Sonja (Lair:6)
  2 unseen horrors
  Pikel (D:6)
  2 wizards (D:15)
  5 orc knights
  An orb spider (shapeshifter) (D:15)
  7 orc sorcerers
  13 ugly things
  4 cyclopes
  15 elephants
  A manticore (D:12)
  Joseph (D:9)
  Psyche (D:12)
  2 ice statues (IceCv)
  12 spiny frogs
  2 black mambas
  2 efreet
  A centaur skeleton (D:15)
  10 komodo dragons
  A yaktaur (D:15)
  2 freezing wraiths
  A komodo dragon (shapeshifter) (D:15)
  4 rime drakes
  7 trolls
  Prince Ribbit (D:9)
  2 polar bears
  8 hornets
  7 slime creatures (D:12)
  7 dream sheep (Lair:6)
  Grinder (D:5)
  8 blink frogs
  A harpy skeleton (D:15)
  7 hippogriffs
  A meliai zombie (D:14)
  3 centaur simulacra
  5 wraiths (D:13)
  44 yaks
  2 shadows
  Sigmund (D:2)
  A vampire (D:14)
  5 wyverns
  8 humans
  Eustachio (D:4)
  3 basilisks
  13 spriggans (Lair:6)
  Grum (D:8)
  8 vampire mosquitoes (D:15)
  A fire elemental (D:12)
  4 wargs
  A soldier ant (D:8)
  10 water moccasins
  7 porcupines
  Purgy (Sewer)
  26 ice beasts
  2 phantoms
  2 sky beasts
  13 black bears
  43 orc warriors
  An eye of draining (shapeshifter) (D:15)
  5 boggarts (Lair:6)
  39 wolves
  16 ogres
  5 necrophages
  12 centaurs
  14 crocodiles
  2 big kobolds (D:14)
  2 gnoll sergeants (D:7)
  12 bullfrogs
  A hornet simulacrum (Gauntlet)
  6 killer bees
  13 wights
  An electric eel (Lair:5)
  5 howler monkeys
  4 crimson imps
  4 centaur zombies
  3 bullfrog zombies
  6 hounds
  4 jellies
  4 bullfrog skeletons
  26 orc priests
  30 orc wizards
  5 iguanas
  Natasha (thrice) (D:4)
  7 worker ants
  2 killer bee zombies (D:7)
  2 bullfrog simulacra (Gauntlet)
  13 mummies
  2 worker ant zombies
  Robin (D:4)
  19 gnolls
  18 adders
  A howler monkey skeleton (D:8)
  3 shadow imps
  2 adder skeletons (D:5)
  4 worms
  A dart slug (D:3)
  3 leopard geckos
  118 orcs
  3 ball pythons
  8 giant cockroaches
  18 goblins
  5 hobgoblins
  12 jackals
  17 kobolds
  4 quokkas
  A ball python skeleton (D:4)
  12 bats
  11 frilled lizards
  2 gnoll skeletons (Ossuary)
  A goblin skeleton (Ossuary)
  2 goblin zombies (D:7)
  4 kobold skeletons (Ossuary)
  An orc skeleton (Ossuary)
  A quokka skeleton (D:4)
  5 rats
  11 rat skeletons (Ossuary)
  3 fungi
  4 plants
933 creatures vanquished.

Vanquished Creatures (collateral kills)
  A komodo dragon (Lair:2)
  2 wraiths (D:13)
  A water moccasin (Lair:2)
  A wolf (Lair:2)
5 creatures vanquished.

Vanquished Creatures (others)
  2 bushes (D:7)
  9 fungi
  12 plants
23 creatures vanquished.

Grand Total: 961 creatures vanquished

Notes
Turn   | Place    | Note
-------+----------+-------------------------------------------
     0 | D:1      | KeiraKnightley the Centaur Berserker began the quest for
                  | the Orb.
     0 | D:1      | Reached XP level 1. HP: 19/19 MP: 1/1
   190 | D:1      | Reached XP level 2. HP: 26/26 MP: 2/2
   742 | D:2      | Reached XP level 3. HP: 31/31 MP: 3/3
   781 | D:2      | Reached ** piety under Trog
  1027 | D:2      | Noticed Sigmund
  1036 | D:2      | Killed Sigmund
  1036 | D:2      | Reached XP level 4. HP: 41/41 MP: 4/4
  1036 | D:2      | Reached XP level 5. HP: 47/47 MP: 5/5
  1883 | D:3      | Reached skill level 5 in Fighting
  2087 | D:3      | Reached XP level 6. HP: 47/56 MP: 6/6
  2502 | D:4      | Reached *** piety under Trog
  2519 | D:4      | Reached skill level 5 in Axes
  2812 | D:4      | Noticed Natasha
  2821 | D:4      | Noticed Robin
  2823 | D:4      | Killed Natasha
  2842 | D:4      | Killed Robin
  2971 | D:4      | Noticed Natasha
  2979 | D:4      | Killed Natasha
  3050 | D:4      | Noticed Eustachio
  3060 | D:4      | Killed Eustachio
  3060 | D:4      | Reached XP level 7. HP: 63/63 MP: 7/7
  3248 | D:4      | Noticed Natasha
  3256 | D:4      | Killed Natasha
  3445 | D:5      | Entered Level 5 of the Dungeon
  3618 | D:5      | Found Aloel's Antique Weapon Shoppe.
  3721 | D:5      | Found Weguipp's Assorted Antiques.
  3725 | D:5      | Bought a scorched trident for 195 gold pieces
  3753 | D:5      | Noticed Grinder
  3758 | D:5      | Found Entikot's Distillery.
  3768 | D:5      | Reached **** piety under Trog
  3799 | D:5      | Bought a potion of curing for 45 gold pieces
  3868 | D:5      | Identified the +2 trident "Wiagimin" {pierce, +Fly rC+
                  | Dex-5} (You bought it in a shop on level 5 of the Dungeon)
  3880 | D:5      | Got a jewelled ring mail
  3887 | D:5      | Killed Grinder
  3912 | D:5      | Identified the +1 ring mail "Pyubicy" {MR+ Str-4 Int+5}
                  | (You found it on level 5 of the Dungeon)
  3940 | D:5      | Bought a scroll labeled NONOCI JAWK for 25 gold pieces
  4096 | D:5      | Found Ofufraog's Magic Scroll Emporium.
  4160 | D:5      | Found a sacrificial altar of Ru.
  4267 | D:6      | Reached XP level 8. HP: 41/73 MP: 8/8
  4304 | D:6      | Found a staircase to the Ecumenical Temple.
  4323 | D:6      | Found a glowing drain.
  4417 | Sewer    | Entered a sewer
  4473 | Sewer    | Noticed Purgy
  4480 | Sewer    | Killed Purgy
  4852 | D:6      | Found an iron altar of Okawaru.
  4912 | D:6      | Found a bloodstained altar of Trog.
  4942 | D:6      | Reached skill level 1 in Evocations
  5032 | D:6      | Noticed Pikel
  5043 | D:6      | Killed Pikel
  5054 | D:6      | Reached XP level 9. HP: 4/82 MP: 11/11
  5496 | Temple   | Entered the Ecumenical Temple
  6044 | D:5      | Bought a potion of flight for 45 gold pieces
  6069 | D:5      | Bought a scroll of identify for 22 gold pieces
  6133 | D:7      | Reached skill level 1 in Bows
  6269 | D:7      | Found a sand-covered staircase.
  6290 | Ossuary  | Entered an ossuary
  6327 | Ossuary  | Reached skill level 2 in Bows
  6439 | Ossuary  | Reached ***** piety under Trog
  6516 | Ossuary  | Reached skill level 3 in Bows
  6879 | D:7      | Reached skill level 4 in Bows
  7220 | D:6      | Reached skill level 5 in Bows
  7557 | D:7      | Reached skill level 6 in Bows
  7885 | D:7      | Received a gift from Trog
  8172 | D:7      | Reached skill level 7 in Bows
  8379 | D:7      | Found a blossoming altar of Fedhas.
  8670 | D:7      | Reached skill level 8 in Bows
  8772 | D:7      | Reached skill level 9 in Bows
  9051 | D:8      | Noticed Grum
  9160 | D:7      | HP: 5/121 [wolf[Grum] (6)]
  9161 | D:7      | Reached skill level 10 in Bows
  9383 | D:8      | Killed Grum
  9387 | D:8      | Reached XP level 10. HP: 15/90 MP: 12/12
 10173 | D:8      | Reached skill level 11 in Bows
 10520 | D:8      | Found a staircase to the Lair.
 10610 | D:8      | Found a sparkling altar of Nemelex Xobeh.
 10660 | D:8      | Received a gift from Trog
 10864 | D:8      | Paralysed by a hornet for 3 turns
 10884 | D:8      | Paralysed by a hornet for 1 turns
 11730 | D:9      | Noticed Harold
 11838 | D:9      | Noticed Prince Ribbit
 11855 | D:9      | Killed Prince Ribbit
 11877 | D:9      | Noticed a five-headed hydra
 11906 | D:9      | Noticed Joseph
 12474 | D:9      | Killed Joseph
 12474 | D:9      | Reached skill level 12 in Bows
 12632 | D:9      | Killed a five-headed hydra
 12632 | D:9      | Reached XP level 11. HP: 69/99 MP: 14/14
 12922 | D:9      | Killed Harold
 12922 | D:9      | Reached skill level 5 in Evocations
 13146 | D:10     | Entered Level 10 of the Dungeon
 13288 | D:10     | Reached skill level 10 in Fighting
 13579 | D:10     | Noticed a two-headed ogre
 13608 | D:10     | Killed a two-headed ogre
 13903 | D:10     | Received a gift from Trog
 14203 | D:5      | Bought a glowing zirconium amulet for 125 gold pieces
 14207 | D:5      | Bought a scroll labeled CIOMAXK OGUGO for 25 gold pieces
 14627 | D:10     | Noticed a two-headed ogre
 14658 | D:10     | Killed a two-headed ogre
 14658 | D:10     | Reached skill level 13 in Bows
 15613 | Lair:1   | Entered Level 1 of the Lair of Beasts
 15613 | Lair:1   | Noticed Gastronok
 15633 | D:8      | Reached skill level 10 in Axes
 15974 | Lair:1   | Killed Gastronok
 16355 | Lair:1   | Received a gift from Trog
 16358 | Lair:1   | Reached XP level 12. HP: 61/110 MP: 15/15
 16751 | Lair:1   | Reached skill level 14 in Bows
 17591 | Lair:1   | Upgraded the game from 0.23-b1-86-gba62f8e092 to 0.23.0
 17757 | Lair:2   | Noticed a five-headed hydra
 17808 | Lair:1   | Killed a five-headed hydra
 17900 | Lair:2   | Found a staircase to the Snake Pit.
 18928 | Lair:2   | Found a staircase to the Shoals.
 19402 | Lair:3   | Found a runed translucent gate.
 19403 | Lair:3   | Found a runed translucent gate.
 19404 | Lair:3   | Found a runed translucent gate.
 19505 | Lair:3   | Noticed PeterQ's ghost (journeyman DsGl)
 19745 | Lair:3   | Found the ring of Shadows {Umbra +Inv Stlth+}
 21857 | Lair:4   | Reached XP level 13. HP: 119/119 MP: 16/16
 22771 | Lair:4   | Reached skill level 15 in Bows
 23177 | D:5      | Bought a scratched bone ring for 125 gold pieces
 23183 | D:5      | Bought a steaming mace for 200 gold pieces
 23183 | D:5      | Identified the +8 mace of the Head {crush, rElec rN+ Dex+3}
                  | (You bought it in a shop on level 5 of the Dungeon)
 23185 | D:5      | Identified a scroll of acquirement
 23571 | Lair:5   | Found a staircase to the Slime Pits.
 24381 | Lair:6   | Entered Level 6 of the Lair of Beasts
 24455 | Lair:5   | Reached skill level 16 in Bows
 25332 | Lair:6   | Noticed Sonja
 26248 | Lair:6   | Reached skill level 17 in Bows
 26713 | Lair:6   | Received a gift from Trog
 26922 | Lair:6   | Got a jewelled falchion
 26997 | Lair:6   | Killed Sonja
 27020 | Lair:6   | Received a gift from Trog
 27615 | Lair:6   | Received a gift from Trog
 27770 | Lair:6   | Reached XP level 14. HP: 99/129 MP: 17/17
 28980 | Lair:6   | Paralysed by a hornet for 3 turns
 28988 | Lair:6   | Received a gift from Trog
 29313 | Lair:6   | Reached skill level 18 in Bows
 30085 | Lair:1   | Identified the cursed +0 falchion of Plog {freeze, *Rage
                  | +Blink rF++} (You found it on level 6 of the Lair of
                  | Beasts)
 30212 | D:5      | Bought a scroll of identify for 22 gold pieces
 30237 | D:5      | Bought a potion of invisibility for 120 gold pieces
 30262 | D:5      | Bought a scroll of silence for 82 gold pieces
 30658 | D:11     | Found Soabopa's Book Shop.
 30690 | D:11     | Received a gift from Trog
 30753 | D:11     | Found a frozen archway.
 30950 | IceCv    | Entered an ice cave
 32056 | IceCv    | Got a clouded copper ring
 32063 | IceCv    | Identified the ring of the Jolly Continents {MR++ EV+2
                  | Str+6 Int-3} (You found it in an ice cave)
 32694 | D:12     | Received a gift from Trog
 32993 | D:12     | Found a shadowy altar of Dithmenos.
 33016 | D:12     | Found a gate leading to a gauntlet.
 33140 | Gauntlet | Entered a Gauntlet
 33140 | Gauntlet | Found a transporter.
 33425 | Gauntlet | Found a transporter.
 33427 | Gauntlet | Found a transporter.
 33431 | Gauntlet | Found a runed translucent door.
 33432 | Gauntlet | Found a runed translucent door.
 33438 | Gauntlet | Found a transporter.
 33440 | Gauntlet | Found a transporter.
 33446 | Gauntlet | Found a runed translucent gate.
 33446 | Gauntlet | Found a runed translucent gate.
 33446 | Gauntlet | Found a runed translucent gate.
 33450 | Gauntlet | Found a transporter.
 33466 | Gauntlet | Found a transporter.
 33476 | Gauntlet | Found a transporter.
 33484 | Gauntlet | Found a transporter.
 33484 | Gauntlet | Found a transporter.
 33494 | Gauntlet | Found a transporter.
 33494 | Gauntlet | Found a transporter.
 33585 | Gauntlet | Found a transporter.
 33596 | Gauntlet | Found a transporter.
 33886 | Gauntlet | Received a gift from Trog
 33940 | Gauntlet | Got a shimmering pewter ring
 34376 | Gauntlet | Identified the ring of Obsession {rF+ MP+9 Str+4} (You
                  | found it in a Gauntlet)
 34715 | D:12     | Reached skill level 5 in Armour
 34791 | D:12     | Received a gift from Trog
 34875 | D:12     | Identified Fotamegh's Collected Works on Snow and
                  | Contamination
 35289 | D:12     | Found a staircase to the Orcish Mines.
 35340 | D:12     | Noticed Psyche
 35353 | D:12     | Killed Psyche
 35359 | D:12     | Received a gift from Trog
 35837 | D:13     | Found Ucanneadgh's General Store.
 36050 | D:5      | Bought a potion of heal wounds for 75 gold pieces
 36256 | D:13     | Received a gift from Trog
 36373 | D:13     | Noticed Josephine
 36383 | D:13     | Killed Josephine
 36443 | D:13     | Reached skill level 19 in Bows
 36443 | D:13     | Reached XP level 15. HP: 138/138 MP: 18/18
 36895 | D:13     | Reached XP level 16. HP: 139/146 MP: 19/19
 36973 | D:13     | Found a gate to the Vaults.
 37314 | D:14     | Reached skill level 20 in Bows
 37541 | D:14     | Noticed Louise
 37575 | D:14     | Killed Louise
 37575 | D:14     | Reached ****** piety under Trog
 37815 | D:14     | Received a gift from Trog
 37940 | D:14     | Found a hide-covered altar of Uskayaw.
 38243 | D:15     | Entered Level 15 of the Dungeon
 38450 | D:15     | Received a gift from Trog
 38569 | D:15     | Received a gift from Trog
 38757 | D:15     | Got a fine falchion
 38935 | D:15     | Noticed Rupert
 38955 | D:15     | Killed Rupert
 38974 | D:15     | Identified the +0 falchion "Qoem" {vamp, rF++ MR- Stlth+}
                  | (You found it on level 15 of the Dungeon)
 39786 | D:15     | Found a staircase to the Depths.
 40177 | Orc:1    | Entered Level 1 of the Orcish Mines
 40184 | Orc:1    | Noticed Nergalle
 40193 | Orc:1    | Killed Nergalle
 40193 | Orc:1    | Reached skill level 15 in Fighting
 40376 | Orc:2    | Entered Level 2 of the Orcish Mines
 40380 | Orc:2    | Received a gift from Trog
 40713 | Orc:1    | Received a gift from Trog
 41133 | Orc:1    | Found a transporter.
 41144 | Orc:1    | Found a transporter.
 41157 | Orc:1    | Noticed Stone's ghost (adept FoFi)
 41158 | Orc:1    | Identified the +5 dire flail "Cyishiso" {speed, rPois rF-
                  | Dex+5}
 41430 | Orc:2    | Found a roughly hewn altar of Beogh.
 41938 | Orc:2    | Found Hathrad's Distillery.
 41957 | Orc:2    | Found Xefec's Weapon Shop.
 41968 | Orc:2    | Received a gift from Trog
 42384 | Orc:2    | Found a roughly hewn altar of Beogh.
 42502 | Orc:2    | Received a gift from Trog
 42504 | Orc:2    | Found Irops's General Store.
 42684 | Orc:2    | Found a staircase to the Elven Halls.
 42822 | Orc:2    | Received a gift from Trog
 42953 | Orc:2    | Found Reakepil's Antique Armour Emporium.
 42995 | Orc:2    | Bought a pair of embroidered gloves for 225 gold pieces
 42995 | Orc:2    | Bought a distressingly furry ring mail for 270 gold pieces
 42995 | Orc:2    | Bought a heavy robe for 171 gold pieces
 43269 | Orc:2    | Identified the +4 ring mail of Daukept {rN+ Str+3 Int+4}
                  | (You bought it in a shop on level 2 of the Orcish Mines)
 43279 | Orc:2    | Identified the +1 robe of Autumn {rN+ Regen+ Int+2} (You
                  | bought it in a shop on level 2 of the Orcish Mines)
 43713 | Orc:1    | Slain by a two-headed ogre

Skill      XL: |  1  2  3  4  5  6  7  8  9 10 11 12 13 14 15 16 |
---------------+-------------------------------------------------+-----
Axes           | 3 4 5 6 7 8 10 11 12 13 14 | 14.4
Fighting       | 4 5 6 7 8 9 11 12 13 14 15 | 15.4
Evocations     | 3 4 5 |  5.0
Bows           | 10 12 13 14 17 19 20 | 20.5
Armour         | 3 5 |  5.0
Dodging        | 3 |  3.6

Action                   |  1- 3 |  4- 6 |  7- 9 | 10-12 | 13-15 | 16-18 || total
-------------------------+-------+-------+-------+-------+-------+-------++-------
Melee: Hand axe          |    63 |    24 |       |       |       |       ||    87
       Kick              |    12 |    27 |   106 |   134 |   192 |    43 ||   514
       War axe           |       |    84 |    37 |   410 |   247 |       ||   778
       Dagger            |       |    38 |   292 |    59 |    10 |       ||   399
       Trident           |       |       |    11 |     5 |       |       ||    16
       Broad axe         |       |       |       |    34 |   319 |    28 ||   381
       Battleaxe         |       |       |       |       |       |   120 ||   120
 Fire: Shortbow          |       |       |    63 |   404 |    59 |       ||   526
       Longbow           |       |       |       |       |   535 |   459 ||   994
Invok: Berserk           |     2 |     1 |     7 |    21 |    14 |       ||    45
       Trog's Hand       |       |     1 |     3 |     5 |     3 |     2 ||    14
       Brothers in Arms  |       |       |       |     1 |     1 |     1 ||     3
 Abil: Evoke Flight      |       |       |     3 |       |     1 |     2 ||     6
       Stop Flying       |       |       |       |       |       |     2 ||     2
Evoke: Wand              |       |       |       |       |     2 |     2 ||     4
  Use: Scroll            |       |     8 |    13 |     6 |    17 |     5 ||    49
       Potion            |       |     2 |     2 |     5 |     6 |       ||    15
 Stab: Petrified         |       |       |       |       |     2 |       ||     2
  Eat: Ration            |     1 |       |     2 |     4 |     8 |     1 ||    16
       Chunk             |       |     4 |    18 |    43 |    27 |    16 ||   108
Armor: Ring mail         |    41 |    20 |     3 |   297 |   267 |     8 ||   636
       Animal skin       |     2 |       |       |       |       |       ||     2
       Robe              |       |    36 |    90 |       |    32 |       ||   158
       Ice dragon scales |       |       |       |       |    62 |       ||    62
       Chain mail        |       |       |       |       |    56 |   107 ||   163
Dodge: Dodged            |    25 |    70 |   170 |   180 |   259 |    77 ||   781
